 Dungeon Crawl Stone Soup version 0.20-a0-1043-gbd57889 (webtiles) character file.

1 Gorglomux the Chucker (level 1, 0/18 HPs)
             Began as a Hill Orc Hunter on Apr 24, 2017.
             Slain by a bat (1 damage)
             ... on level 1 of the Dungeon.
             The game lasted 00:00:19 (38 turns).

Gorglomux the Chucker (Hill Orc Hunter)               Turns: 38, Time: 00:00:19

Health: 0/18       AC:  3    Str: 14    XL:     1   Next: 20%
Magic:  1/1        EV: 11    Int: 11    God:
Gold:   0          SH:  0    Dex: 11    Spells: 0/0 levels left

rFire    . . .     SeeInvis .   a - +0 short sword
rCold    . . .     Gourm    .   (no shield)
rNeg     . . .     Faith    .   b - +0 leather armour
rPois    .         Spirit   .   (no helmet)
rElec    .         Reflect  .   (no cloak)
rCorr    .         Harm     .   (no gloves)
MR       .....                  (no boots)
Stlth    +.........             (no amulet)
Regen    0.1/turn               (no ring)
MPRegen  0.1/turn               (no ring)

@: no status effects
A: no striking features
a: no special abilities


You were on level 1 of the Dungeon.
You were not hungry.

You visited 1 branch of the dungeon, and saw 1 of its levels.

Inventory:

Hand Weapons
 a - a +0 short sword (weapon)
Missiles
 c - 6 javelins (quivered)
 d - 2 throwing nets {=f, !d}
Armour
 b - a +0 leather armour (worn)
Comestibles
 f - a bread ration {@e1@e1}


   Skills:
 + Level 2.6 Fighting
 - Level 3.6 Throwing
 - Level 1.5 Dodging
 - Level 0.7 Stealth


You couldn't memorise any spells.
You didn't know any spells.

Dungeon Overview and Level Annotations

Branches:
Dungeon (1/15)

Altars:


Message History

Welcome, Gorglomux the Hill Orc Hunter.
The bosom of this dungeon contains the fabled artefact, the Orb of Zot.
Found a staircase leading out of the dungeon.
A kobold comes into view. It is wielding an enchanted whip.
A kobold is nearby!
A kobold is nearby!
The kobold shouts!
The kobold throws a stone.
The stone hits you.
You see here a stone.
You take 4 damage, and have 14/18 hp.
MASSIVE DAMAGE!!
The kobold throws a stone.
The stone hits you but does no damage.
You see here a stone.
The kobold hits you with an enchanted whip.
You take 2 damage, and have 12/18 hp.
You hit the kobold.
The kobold hits you with an enchanted whip.
A hobgoblin comes into view. It is wielding a club.
You take 3 damage, and have 9/18 hp.
The hobgoblin shouts!
You hit the kobold but do no damage. The kobold misses you.
You puncture the kobold!
You kill the kobold!
Items here: ! ( ) † an enchanted whip; 3 stones; a white potion; a kobold corpse
Okay, then.
You completely miss the hobgoblin.
The hobgoblin hits you but does no damage.
A hobgoblin comes into view.
You hit the hobgoblin. The hobgoblin hits you with a club.
A rat comes into view.
You take 1 damage, and have 8/18 hp.
You closely miss the hobgoblin.
The hobgoblin hits you but does no damage.
A bat comes into view.
A dart slug comes into view.
The hobgoblin hits you but does no damage.
The bat closely misses you. The hobgoblin hits you.
* * * LOW HITPOINT WARNING * * *
You take 4 damage, and have 4/18 hp.
MASSIVE DAMAGE!!
The bat hits you but does no damage. The bat barely misses you.
The bat hits you but does no damage. The bat hits you but does no damage.
The bat hits you but does no damage. The bat hits you but does no damage.
The bat closely misses you. The bat hits you but does no damage.
The bat hits you but does no damage. The bat completely misses you.
A frilled lizard comes into view.
The frilled lizard hisses angrily.
The bat barely misses you.
You aren't carrying any potions.
The bat hits you.
* * * LOW HITPOINT WARNING * * *
The frilled lizard bites you.
* * * LOW HITPOINT WARNING * * *
You take 1 damage, and have 3/18 hp.
The bat hits you but does no damage. The bat hits you but does no damage.
The bat hits you.
* * * LOW HITPOINT WARNING * * *
You take 1 damage, and have 2/18 hp.
The bat hits you but does no damage.
You open the door.
A bat comes into view.
The bat hits you.
* * * LOW HITPOINT WARNING * * *
The bat hits you but does no damage.
You take 1 damage, and have 1/18 hp.
You barely miss the bat. The bat misses you.
The bat hits you but does no damage.
You completely miss the bat. The bat barely misses you. The bat hits you.
You die...

..........#
.........## .........
....... ..... ... ...
..w #b# ..r #@# #.#
#b# #.#
####l##############..
+...gg.g.g.......w...
####.####..........).
...# #...$..#.....
##### #......###...(
#.....## ##...
#.....## ##.(


You could see 2 hobgoblins, 2 bats and a frilled lizard.

Vanquished Creatures
  A kobold (D:1)
1 creature vanquished.

Notes
Turn   | Place    | Note
-------+----------+-------------------------------------------
     0 | D:1      | Gorglomux the Hill Orc Hunter began the quest for the Orb.
     0 | D:1      | Reached XP level 1. HP: 18/18 MP: 1/1
    20 | D:1      | HP: 4/18 [hobgoblin (4)]
    32 | D:1      | HP: 4/18 [bat (1)]
    36 | D:1      | HP: 1/18 [bat (1)]
    38 | D:1      | Slain by a bat

Vault maps used:
D:1:      minmay_arrival_pointy, minmay_misc_feat_encased

Action                   || total
-------------------------++-------
Melee: Short sword       ||     8
Armor: Leather armour    ||    15
Dodge: Dodged            ||     8

Vault maps used:
D:1:      minmay_arrival_pointy, minmay_misc_feat_encased

Table legend:
 A = Turns spent in this place as a percentage of turns spent in the entire game.
 B = Non-inter-level travel turns spent in this place as a percentage of non-inter-level travel turns spent in the entire game.
 C = Inter-level travel turns spent in this place as a percentage of turns spent in this place.
 D = Turns resting spent in this place as a percentage of non-inter-level travel turns spent in this place.
 E = Turns spent auto-exploring this place as a percentage of non-inter-level travel turns spent in this place.
 F = Non-inter-level travel turns spent in this place divided by the number of levels of this place that you've seen.
                   A       B       C       D       E      F
               +-------+-------+-------+-------+-------+----------------------
         Total | 100.0 | 100.0 |   0.0 |   0.0 |   2.6 |  38.0
       Dungeon | 100.0 | 100.0 |   0.0 |   0.0 |   2.6 |  38.0
               +-------+-------+-------+-------+-------+----------------------

Table legend:
 A = Kills in this place as a percentage of kills in entire the game.
 B = Kills by you in this place as a percentage of kills by you in the entire game.
 C = Kills by friends in this place as a percentage of kills by friends in the entire game.
 D = Other kills in this place as a percentage of other kills in the entire game.
 E = Experience gained in this place as a percentage of experience gained in the entire game.
 F = Experience gained in this place divided by the number of levels of this place that you have seen.
                   A       B       C       D       E      F
               +-------+-------+-------+-------+-------+----------------------
         Total | 100.0 | 100.0 |  -nan |  -nan | 100.0 |   2.0
       Dungeon | 100.0 | 100.0 |  -nan |  -nan | 100.0 |   2.0
               +-------+-------+-------+-------+-------+----------------------
